 Dungeon Crawl Stone Soup version 0.30.0-18-gc0e69614cb (webtiles) character file.

Game seed: 12533068613718952075

16 BlasphemerAmon the Grave Robber (level 2, -2/13 HPs)
             Began as a Vine Stalker Necromancer on May 25, 2023.
             Frozen to death by an endoplasm (4 damage)
             ... on level 2 of the Dungeon.
             The game lasted 00:01:07 (722 turns).

BlasphemerAmon the Grave Robber (VSNe)               Turns: 722, Time: 00:01:08

Health: -2/13      AC:  2    Str: 10    XL:     2   Next: 58%
Magic:  0/6        EV: 12    Int: 15    God:
Gold:   25         SH:  0    Dex: 14    Spells: 4/5 levels left

rFire   . . .        (no weapon)
rCold   . . .        (no shield)
rNeg    . . .        a - +0 robe
rPois   .            (no helmet)
rElec   .            (no cloak)
rCorr   .            (no gloves)
SInv    .            (no boots)
Will    .....        (no amulet)
Stlth   +++          d - ring of flight {+Fly}
HPRegen 0.22/turn    (no ring)
MPRegen 0.10/turn

%: guardian spirit
@: flying
A: fangs 2, magic shield, antimagic bite, no potion heal 2
a: no special abilities


You were on level 2 of the Dungeon.
You visited 1 branch of the dungeon, and saw 2 of its levels.

You collected 25 gold pieces.

Inventory:

Armour
 a - a +0 robe (worn)
Jewellery
 d - a ring of flight (left hand) {+Fly}
   (You found it on level 1 of the Dungeon)
Scrolls
 h - a scroll of vulnerability {unknown}
 i - a scroll of poison {unknown}
Potions
 b - a potion of magic
 c - 2 potions of invisibility {unknown}
 e - a potion of mutation {unknown}
 f - a potion of attraction {unknown}
 g - a potion of curing {unknown}
 j - a potion of heal wounds {unknown}


   Skills:
 - Level 1.5 Dodging
 + Level 4.0 Stealth
 - Level 2.1 Spellcasting
 - Level 4.0 Necromancy


You had 4 spell levels left.
You knew the following spells:

 Your Spells              Type           Power      Damage    Failure   Level
a - Necrotise             Necr           52%        1d6       4%          1

Your spell library contained the following spells:

 Spells                   Type           Power      Damage    Failure   Level
 Vampiric Draining        Necr           13%        2d6       13%         3
 Animate Dead             Necr           13%        N/A       38%         4
 Agony                    Necr           13%        N/A       75%         5


Dungeon Overview and Level Annotations

Branches:
Dungeon (1/15)

Altars:
Wu Jian


Innate Abilities, Weirdness & Mutations

You have extremely sharp teeth.
When hurt, damage is shared between your health and your magic reserves.
Your bite disrupts and absorbs the magic of your enemies.
Potions cannot restore your health.


Message History

The bat hits you but does no damage. The bat misses you.
You miss the bat. The bat misses you. The bat hits you.
You take 1 damage, and have 12/13 hp.
A bat is nearby!
A bat is nearby!
The bat hits you but does no damage. The bat misses you.
You see here a scroll labelled CUGIRA POALISE.
You closely miss the bat. You bite the bat. You drain its power.
The bat hits you but does no damage.
You closely miss the bat. The bat hits you but does no damage.
The bat closely misses you. x2
Health restored: 13 A bat is nearby!
You miss the bat. The bat closely misses you.
The bat hits you but does no damage.
You see here a scroll labelled CUGIRA POALISE.
You closely miss the bat. You bite the bat.
You kill the bat!
Your Stealth skill increases to level 4!
No target in view!
No target in view!
h - a scroll labelled CUGIRA POALISE You reach down and open the door.
There is an open door here.
Found a stone staircase leading down.
i - a scroll labelled GINKIKLOBEXE
Found a stone staircase leading down.
No target in view!
No target in view!
No target in view!
Found a stone staircase leading up.
There is a stone staircase leading down here.
You reach down and open the door.
There is an open door here.
As you open the door, it creaks loudly!
There is an open door here.
j - a fuming black potion No target in view!
No target in view!
No target in view!
You reach down and open the door.
There is an open door here.
There is an open door here.
There is an open door here.
You reach down and open the door.
There is an open door here.
Found a stone staircase leading up.
A worm and an endoplasm come into view.
There are monsters nearby!
You hit the worm but do no damage. You hit the worm.
You bite the worm, but do no damage. The worm closely misses you.
The worm writhes in agony.
You now have 5/6 mp.
The worm writhes in agony.
The worm bites you.
You take 2 damage, and have 11/13 hp.
You now have 4/6 mp.
The worm writhes in agony.
The worm closely misses you.
You now have 3/6 mp.
The worm writhes in agony.
The endoplasm hits you.
You take 2 damage, and have 9/13 hp.
You now have 1/6 mp.
The worm writhes in agony.
The worm closely misses you. The endoplasm freezes you.
You are frozen.
You take 1 damage, and have 8/13 hp.
You now have 0/6 mp.
You are out of magic!
There is a stone staircase leading up here.
The endoplasm freezes you.
You are frozen.
You take 4 damage, and have 5/13 hp.
MASSIVE DAMAGE!!
You hit the worm. The worm closely misses you.
You hit the worm. You hit the worm. The worm barely misses you.
You barely miss the worm. The worm bites you!
Ouch! That really hurt!
* * * LOW HITPOINT WARNING * * *
You take 7 damage, and have 1/13 hp.
MASSIVE DAMAGE!!
You now have 0/6 mp.
You reach down and open the door.
The endoplasm freezes you.
You are frozen.
* * * LOW HITPOINT WARNING * * *
You take 1 damage, and have 3/13 hp.
You now have 0/6 mp.
There is an open door here.
The endoplasm attacks as you move away! The endoplasm misses you.
The endoplasm barely misses you. The endoplasm hits you.
* * * LOW HITPOINT WARNING * * *
There is an open door here.
You take 1 damage, and have 3/13 hp.
The endoplasm attacks as you move away! The endoplasm barely misses you.
You hit the endoplasm but do no damage.
You bite the endoplasm, but do no damage.
The endoplasm hits you.
* * * LOW HITPOINT WARNING * * *
You take 1 damage, and have 2/13 hp.
You hit the endoplasm. The endoplasm freezes you.
You are frozen.
You die...

#.......#.#.#
#...........###
#.#...........#
########.#.....#.###.#
#......#.#..#.##.....#
##.............########
.........<...#.#.w.w.#
##...........#'#J###'###
......>.##......@......#
######'###.#...........#
#.# #.............#
######.######..........+
............'..........#
######.######..........#
....##.######....(.....#
###.##.##..............#
.......##........#.#####


You could see a worm and an endoplasm.

Vanquished Creatures
  An endoplasm (D:1)
  A giant cockroach (D:1)
  A goblin (D:2)
  3 ball pythons (D:1)
  3 bats (D:1 D:2)
  3 frilled lizards (D:1 D:2)
  2 kobolds (D:1)
  2 rats (D:1)
16 creatures vanquished.

Vanquished Creatures (collateral kills)
  A goblin (D:1)
1 creature vanquished.

Grand Total: 17 creatures vanquished

Notes
Turn   | Place    | Note
-------+----------+-------------------------------------------
     0 | D:1      | BlasphemerAmon the Vine Stalker Necromancer began the quest
                  | for the Orb.
     0 | D:1      | Reached XP level 1. HP: 9/9 MP: 4/4
    84 | D:1      | Reached skill level 3 in Stealth
   140 | D:1      | Reached XP level 2. HP: 9/13 MP: 1/6
   144 | D:1      | HP: 4/13 [goblin/+0 dagger (4)]
   238 | D:1      | HP: 6/13 [kobold/+0 club (1)]
   472 | D:1      | You are sucked into a shaft and drop 1 floor!
   472 | D:2      | Found an ornate altar of the Wu Jian Council.
   552 | D:2      | Reached skill level 4 in Stealth
   681 | D:2      | HP: 5/13 [frozen (4)]
   697 | D:2      | HP: 1/13 [worm (7)]
   712 | D:2      | HP: 3/13 [frozen (2)]
   719 | D:2      | HP: 3/13 [endoplasm (1)]
   722 | D:2      | Frozen to death by an endoplasm

Illustrated notes

Levels and vault maps discovered:
D:1:      dpeg_arrival_arbitrary_c, layout_basic, serial_forest,
          infiniplex_forest_split, infiniplex_forest_clump_diagonal,
          infiniplex_forest_clump_tiny, infiniplex_forest_join,
          infiniplex_forest_clump_medium, infiniplex_forest_lined_3,
          infiniplex_forest_clump_cross, infiniplex_forest_lined_4_way
D:2:      layout_basic, basic_altar

Skill      XL: |  1  2 |
---------------+-------+-----
Stealth        | 3 4 |  4.0
Dodging        | |  1.5
Spellcasting   | |  2.1
Necromancy     | |  4.0

Action                     || total
---------------------------++-------
  Melee: Unarmed           ||    58
         Bite              ||    17
   Cast: Necrotise         ||    11
   Stab: Sleeping          ||     3
 Armour: Robe              ||    15
  Dodge: Dodged            ||    54

Levels and vault maps discovered:
D:1:      dpeg_arrival_arbitrary_c, layout_basic, serial_forest,
          infiniplex_forest_split, infiniplex_forest_clump_diagonal,
          infiniplex_forest_clump_tiny, infiniplex_forest_join,
          infiniplex_forest_clump_medium, infiniplex_forest_lined_3,
          infiniplex_forest_clump_cross, infiniplex_forest_lined_4_way
D:2:      layout_basic, basic_altar

Table legend: (Time is in decaauts)
 A = Elapsed time spent in this place.
 B = Non-inter-level travel time spent in this place.
 C = Inter-level travel time spent in this place.
 D = Time resting spent in this place.
 E = Time spent auto-exploring this place.
 F = Levels seen in this place.
 G = Mean time per level.
                   A        B        C        D        E       F      G
               +--------+--------+--------+--------+--------+-----+--------+
         Total |    721 |    721 |      0 |      0 |    530 |   2 |  360.5 |
       Dungeon |    721 |    721 |      0 |      0 |    530 |   2 |  360.5 |
               +--------+--------+--------+--------+--------+-----+--------+

Top non-repeatable levels by time:
     D:1: 471 daAuts
     D:2: 249 daAuts

Table legend:
 A = Kills in this place as a percentage of kills in the entire game.
 B = Kills by you in this place as a percentage of kills by you in the entire game.
 C = Kills by friends in this place as a percentage of kills by friends in the entire game.
 D = Other kills in this place as a percentage of other kills in the entire game.
 E = Experience gained in this place as a percentage of experience gained in the entire game.
 F = Experience gained in this place divided by the number of levels of this place that you have seen.
                   A       B       C       D       E      F
               +-------+-------+-------+-------+-------+----------------------
         Total | 100.0 | 100.0 | 100.0 |   N/A | 100.0 |  12.0
       Dungeon | 100.0 | 100.0 | 100.0 |   N/A | 100.0 |  12.0
               +-------+-------+-------+-------+-------+----------------------
